AoeStats
← 464408627

Oasis

509665716Analyzed
2v2 RM · 5d ago on Sep 27, 2026· 41m 52s· 4 players
Game mode
Random Map
Map size
Medium (4 player)
Population
200
Speed
Normal
Resources
Standard
Victory
Conquest
Starting age
Dark Age
Ending age
Imperial Age
RankedLock teamsTeams togetherTeam positionsShared explorationLock speedFull tech treeHidden civsTurbo modeCheats
Victory
Defeat
🇷🇺 Spanish · Russia
691
+14
🇨🇳 Wu · China
657
+16
🇨🇴 Byzantines · Colombia
667
-16
🇺🇸 Spanish · United States
639
-14
_mansy_
11:59 Feudal Age
12:23 Horse Collar
12:30 Double-Bit Axe
14:10 Gold Mining
14:11 Stone Mining
20:45 Castle Age
18:31 Loom
19:58 Stone Mining
21:19 Loom
21:36 Heavy Plow
23:33 Stone Shaft Mining
23:11 Bow Saw
27:46 Padded Archer Armor
27:52 Scale Barding Armor
30:32 Chain Barding Armor
30:23 Forging
30:40 Caravan
30:35 Fletching
31:00 Leather Archer Armor
37:25 Imperial Age
37:04 Thumb Ring
37:00 Bodkin Arrow
37:41 Iron Casting
37:21 Leather Archer Armor
37:40 Elite Skirmisher
40:17 Two-Man Saw
39:58 Husbandry
40:08 Bloodlines
39:21 Cavalier
464408627
2:53 Loom
12:10 Feudal Age
12:38 Horse Collar
12:48 Double-Bit Axe
15:58 Gold Mining
16:00 Stone Mining
17:39 Man-at-Arms
18:05 Arson
19:13 Town Watch
21:35 Forging
21:26 Scale Mail Armor
21:27 Padded Archer Armor
21:17 Fletching
25:19 Castle Age
26:06 Loom
26:57 Wheelbarrow
26:36 Bow Saw
26:28 Heavy Plow
27:06 Gold Shaft Mining
27:10 Stone Shaft Mining
26:40 Caravan
27:32 Town Patrol
27:01 Long Swordsman
27:46 Squires
30:34 Hand Cart
32:28 Iron Casting
32:09 Chain Mail Armor
36:11 Pikeman
38:41 Bodkin Arrow
40:14 Red Cliffs Tactics
40:33 Leather Archer Armor
DVD7418
11:40 Feudal Age
15:13 Double-Bit Axe
15:57 Horse Collar
18:56 Castle Age
19:27 Forging
19:18 Scale Mail Armor
21:14 Bow Saw
21:12 Heavy Plow
24:26 Gold Mining
24:27 Stone Mining
25:17 Light Cavalry
27:27 Husbandry
28:09 Loom
29:00 Wheelbarrow
BVMandelbones
12:45 Feudal Age
16:48 Castle Age
15:55 Bloodlines
15:46 Double-Bit Axe
16:58 Horse Collar
21:29 Husbandry
33:54 Imperial Age
32:55 Ballistics
35:39 Capped Ram
40:20 Chemistry
41:02 Padded Archer Armor
40:53 Fletching
40:35 Elite Skirmisher
Connection lost

Rejoining the realm…

Still unreachable

The connection could not be restored.

Session expired

The server has moved on; the page needs a fresh start.